 Dungeon Crawl Stone Soup version 0.29.1-14-g9c671dbff4 (webtiles) character file.

Game seed: 16308452910336893864

137 kagor the Covered (level 5, -1/36 HPs)
             Began as a Human Wanderer on Feb 17, 2023.
             Was a Follower of Sif Muna.
             Slain by an orc wizard
             ... wielding a +0 dagger
              (2 damage)
             ... on level 3 of the Dungeon.
             The game lasted 00:13:23 (2303 turns).

kagor the Covered (Human Wanderer)                  Turns: 2303, Time: 00:13:24

Health: -1/36      AC: 12    Str: 15    XL:     5   Next: 44%
Magic:  8/8        EV:  9    Int: 12    God:    Sif Muna [*.....]
Gold:   77         SH:  9    Dex: 12    Spells: 7/8 levels left

rFire   . . .      SeeInvis .   f - +2 spear
rCold   . . .      Faith    .   b - +0 buckler
rNeg    . . .      Spirit   .   d - +2 scale mail
rPois   .          Reflect  +   (no helmet)
rElec   .          Harm     .   (no cloak)
rCorr   +          Rampage  .   j - +2 pair of gloves
Will    .....                   (no boots)
Stlth   ..........              k - amulet of reflection
HPRegen 0.12/turn               e - ring of resist corrosion
MPRegen 0.11/turn               (no ring)

@: no status effects
A: no striking features
a: Renounce Religion, Channel Magic


You were on level 3 of the Dungeon.
You worshipped Sif Muna.
Sif Muna was aware of your devotion.
You visited 1 branch of the dungeon, and saw 4 of its levels.

You collected 77 gold pieces.

Inventory:

Hand Weapons
 a - a +0 club
 f - a +2 spear (weapon)
Missiles
 g - a boomerang (quivered)
 i - 2 poisoned darts
 l - 5 atropa-tipped darts
Armour
 b - a +0 buckler (worn)
 d - a +2 scale mail (worn)
 j - a +2 pair of gloves (worn)
Jewellery
 e - a ring of resist corrosion (left hand)
 k - an amulet of reflection (around neck)
Scrolls
 c - 2 scrolls of teleportation


   Skills:
 + Level 0.8 Fighting
 + Level 2.7 Polearms
 + Level 0.4 Throwing
 + Level 4.1 Armour
 + Level 0.6 Dodging
 + Level 2.3 Shields
 + Level 2.2 Spellcasting
 + Level 2.0 Conjurations
 + Level 1.0 Invocations


You had 7 spell levels left.
You knew the following spells:

 Your Spells              Type           Power      Damage    Failure   Level
a - Foxfire               Conj/Fire      12%        2x1d4     63%         1

Your spell library contained the following spells:

 Spells                   Type           Power      Damage    Failure   Level
 Apportation              Tloc           2%         N/A       78%         1
 Dazzling Flash           Conj/Hex       6%         N/A       94%         3
 Alistair's Intoxication  Tmut/Pois      0%         N/A       100%        5


Dungeon Overview and Level Annotations

Branches:
Dungeon (4/15)
 Temple: D:4-7

Altars:
Cheibriados
Sif Muna


Message History

You hit the orc.
The orc is moderately wounded.
The orc closely misses you. The orc wizard barely misses you.
You hit the orc but do no damage.
The orc is moderately wounded.
The orc wizard barely misses you. The orc barely misses you.
You bump into the rock wall.
The orc wizard hits you but does no damage.
The orc hits you with a +0 hand axe.
You bump into the rock wall.
The orc hits you with a +0 hand axe.
* * * LOW HITPOINT WARNING * * *
The orc wizard hits you but does no damage.
You bump into the rock wall.
The orc hits you but does no damage.
The orc wizard hits you but does no damage.
You completely miss the orc.
The orc is moderately wounded.
The orc hits you but does no damage. The orc wizard closely misses you.
You bump into the rock wall.
The orc wizard hits you but does no damage.
The orc hits you with a +0 hand axe.
* * * LOW HITPOINT WARNING * * *
You hit the orc but do no damage.
The orc is moderately wounded.
The orc wizard barely misses you. The orc hits you but does no damage.
You bump into the rock wall.
The orc hits you with a +0 hand axe.
* * * LOW HITPOINT WARNING * * *
The orc wizard casts a spell at you.
The magic dart hits you but does no damage.
You bump into the rock wall.
You feel less confused. You block the orc's attack.
The orc wizard hits you but does no damage.
You hit the orc.
You kill the orc!
Sif Muna accepts your kill.
The orc wizard gestures at you while chanting.
The puff of flame hits you.
* * * LOW HITPOINT WARNING * * *
The orc wizard hits you with a +0 dagger.
You die...

#.# #.# #.#
#.##### ..#
#.....# #.###
#####.# #...#
#...# #.#.#
#.### ....#
#.#.######
#...#
#.#..†.o.#
##.>#
#.#.####@#
##### #.#.#
#)# ....#
#.#.# #.#
....# #.#.#
#.# ....#
#.#.# ...
....#####.#.#
###
#......##.#.#
..####.##.#.#
..# #.##.#.#


You could see an orc wizard.

Vanquished Creatures
  A hound (D:3)
  An orc priest (D:3)
  2 adders (D:3)
  2 dart slugs (D:2)
  3 orcs (D:3)
  5 bats
  5 endoplasms
  A giant cockroach (D:2)
  3 goblins
  5 hobgoblins
  4 kobolds
  3 quokkas
  3 ball pythons
  4 frilled lizards
  12 rats
54 creatures vanquished.

Vanquished Creatures (others)
  A foxfire (D:1)
1 creature vanquished.

Grand Total: 55 creatures vanquished

Notes
Turn   | Place    | Note
-------+----------+-------------------------------------------
     0 | D:1      | kagor the Human Wanderer began the quest for the Orb.
     0 | D:1      | kagor set off with the following items: a +0 club, a +0
                  | buckler, a scroll of teleportation, a +2 scale mail; and
                  | the following spell memorised: Foxfire; and the following
                  | spells available to memorise: Dazzling Flash.
     0 | D:1      | Reached XP level 1. HP: 13/13 MP: 3/3
   361 | D:1      | Reached XP level 2. HP: 14/19 MP: 5/5
   849 | D:1      | Reached XP level 3. HP: 23/24 MP: 6/6
  1225 | D:2      | Reached skill level 1 in Polearms
  1291 | D:2      | Found a faded altar of an unknown god.
  1407 | D:2      | Prayed at the altar of an unknown god.
  1407 | D:2      | Became a worshipper of Sif Muna the Loreminder
  1407 | D:2      | Reached * piety under Sif Muna
  1468 | D:2      | Found a snail-covered altar of Cheibriados.
  1904 | D:3      | Reached XP level 4. HP: 30/31 MP: 7/7
  2221 | D:3      | Reached skill level 4 in Armour
  2221 | D:3      | Reached XP level 5. HP: 36/36 MP: 8/8
  2302 | D:3      | HP: 1/36 [orc wizard/puff of flame (3)]
  2303 | D:3      | Slain by an orc wizard

Illustrated notes

Levels and vault maps discovered:
D:1:      amcnicky_arrival_choice, layout_basic
D:2:      layout_loops_cross, basic_ecumenical_altar, basic_altar
D:3:      layout_basic, cheibriados_altar_1, nicolae_sif_muna_little_library,
          uniq_natasha, uniq_terence
D:4:      layout_basic, mainiacjoe_overflow_surrounded_room, temple_statues,
          serial_glass, glass_columns_c, glass_columns_b, glass_columns_c,
          glass_columns_a, serial_shops, nicolae_shop_overgrown_old_shop,
          grunt_tough_drop

Skill      XL: |  1  2  3  4 |
---------------+-------------+-----
Polearms       | 1 2 |  2.7
Armour         | 4 |  4.1
Fighting       | |  0.8
Throwing       | |  0.4
Dodging        | |  0.6
Shields        | |  2.3
Spellcasting   | |  2.2
Conjurations   | |  2.0
Invocations    | |  1.0

Action                   |  1- 3 |  4- 6 || total
-------------------------+-------+-------++-------
Melee: Club              |    16 |       ||    16
       Spear             |    95 |    83 ||   178
Throw: Boomerang         |     8 |     4 ||    12
 Cast: Foxfire           |     1 |       ||     1
  Use: Potion            |     3 |     3 ||     6
       Scroll            |     3 |       ||     3
Armor: Scale mail        |    59 |    44 ||   103
Dodge: Dodged            |    45 |    29 ||    74
Block: Buckler           |    17 |    21 ||    38
